 Dungeon Crawl Stone Soup version 0.30-a0-586-g23e55c9e0a (webtiles) character file.

Game seed: 10832786777948825985

58 cforsyth the Trooper (level 4, -6/41 HPs)
             Began as a Ghoul Monk on Jan 3, 2023.
             Blown up by Ijyb (16 damage)
             ... with a mindburst bolt
             ... on level 2 of the Dungeon on Jan 4, 2023.
             The game lasted 00:03:02 (2104 turns).

cforsyth the Trooper (Ghoul Monk)                   Turns: 2104, Time: 00:03:02

Health: -6/41      AC:  3    Str: 16    XL:     4   Next: 1%
Magic:  3/3        EV: 12    Int:  5    God:
Gold:   138        SH:  0    Dex: 11    Spells: 3/3 levels left

rFire   . . .      SeeInvis .      - Unarmed
rCold   + . .      Faith    .    (no shield)
rNeg    + + +      Spirit   .    a - +0 robe
rPois   ∞          Reflect  .    (no helmet)
rElec   .          Harm     .    n - +0 cloak
rCorr   .          Rampage  .    (no gloves)
Will    .....                    (no boots)
Stlth   +                        (no amulet)
HPRegen 0.00/turn                (no ring)
MPRegen 0.08/turn                (no ring)

@: confused, ambrosia-drunk, inhibited regen
A: claws 1, cold resistance 1, negative energy resistance 3, inhibited
regeneration, torment resistance 2, devour on kill
a: no special abilities


You were on level 2 of the Dungeon.
You visited 1 branch of the dungeon, and saw 3 of its levels.

You collected 138 gold pieces.

Inventory:

Armour
 a - a +0 robe (worn)
 n - a +0 cloak (worn)
Jewellery
 o - an amulet of reflection
Scrolls
 c - 6 scrolls of identify {unknown}
 d - a scroll of amnesia {unknown}
 e - a scroll of teleportation {unknown}
 j - a scroll of vulnerability {unknown}
 k - a scroll of fog {unknown}
 m - a scroll of immolation {unknown}
Potions
 f - a potion of curing
 g - a potion of attraction {unknown}
 h - a potion of mutation {unknown}
 i - a potion of degeneration {unknown}
 l - a potion of magic {unknown}


   Skills:
 + Level 4.3 Fighting
 - Level 2.6 Dodging
 - Level 2.1 Stealth
 + Level 4.3 Unarmed Combat


You had 3 spell levels left.
You didn't know any spells.
Your spell library was empty.

Dungeon Overview and Level Annotations

Branches:
Dungeon (3/15)

Altars:

Annotations:
D:2 Ijyb


Innate Abilities, Weirdness & Mutations

You are immune to poison.
You have sharp fingernails.
Your flesh is cold resistant. (rC+)
You are immune to negative energy. (rN+++)
You do not regenerate when monsters are visible.
You are immune to unholy pain and torment.
You thrive by killing the living.


Message History

You are too injured to fight recklessly!
You are too injured to fight recklessly!
You are too injured to fight recklessly!
You are too injured to fight recklessly!
You are too injured to fight recklessly!
You are too injured to fight recklessly!
Unknown command.
Ijyb barely misses you.
You climb upwards.
There is a stone staircase leading down here.
You scratch Ijyb.
Ijyb is moderately wounded.
Ijyb hits you with a +0 dagger.
* * * LOW HITPOINT WARNING * * *
You closely miss Ijyb.
Ijyb is moderately wounded.
Ijyb closely misses you.
It was a potion of curing.
You feel better. Ijyb barely misses you.
You scratch Ijyb.
Ijyb is moderately wounded.
Ijyb screams, "Level is mine!
All mine!"
Ijyb hits you with a +0 dagger.
* * * LOW HITPOINT WARNING * * *
You barely miss Ijyb.
Ijyb is moderately wounded.
Ijyb misses you.
You scratch Ijyb but do no damage.
Ijyb is moderately wounded.
Ijyb barely misses you.
You barely miss Ijyb. Your claw misses Ijyb.
Ijyb is moderately wounded.
You closely miss Ijyb.
Ijyb is moderately wounded.
Ijyb hits you with a +0 dagger.
* * * LOW HITPOINT WARNING * * *
Unknown command.
Okay, then.
You are confused.
You feel invigorated.
Ijyb zaps a wand.
Your mind is blasted!
You die...

........### #.#
#.............# ....###.#
#.# #.............# #####
#.#### #.# #..)..........#
#....###.# #.............#
####(..#.# ###..#####....#
###.#.# #....#........#
######...####.##.#.....####
#........)g)..##.#.....#
#.......#)@#.###.#.....#
#.......##)#.# #.#.....####
####.......#.# #....##.....
#.......#.# ####.##.....
#.......#.### #.##.....
#..^....#.#<####.##.....
#.......#.#......##.....
#######.#.#..######.....
#.#.#..# #.....


You could see Ijyb.

Vanquished Creatures
  Robin (D:2)
  3 ball pythons
  2 endoplasms
  2 giant cockroaches
  9 goblins
  4 hobgoblins
  6 jackals
  3 kobolds (D:1)
  6 bats
  3 frilled lizards
  2 rats (D:1)
41 creatures vanquished.

Notes
Turn   | Place    | Note
-------+----------+-------------------------------------------
     0 | D:1      | cforsyth the Ghoul Monk began the quest for the Orb.
     0 | D:1      | Reached XP level 1. HP: 19/19 MP: 0/0
   268 | D:1      | Reached XP level 2. HP: 26/26 MP: 1/1
  1143 | D:2      | Reached XP level 3. HP: 26/33 MP: 2/2
  1677 | D:3      | Noticed Robin
  1972 | D:2      | Killed Robin
  2036 | D:3      | Noticed Ijyb
  2040 | D:3      | Reached XP level 4. HP: 41/41 MP: 3/3
  2104 | D:2      | Blown up by Ijyb

Illustrated notes

Levels and vault maps discovered:
D:1:      dpeg_arrival_circle_labyrinth_c, layout_basic
D:2:      layout_basic, minmay_misc_feat_enclosed, minivault_23
D:3:      layout_loops_ring, biasface_ghost_orc_armoury, serial_shops,
          nicolae_shop_crystal, uniq_grinder, uniq_ijyb, uniq_robin

Skill      XL: |  1  2  3 |
---------------+----------+-----
Unarmed Combat | 4 |  4.3
Fighting       | 4 |  4.3
Dodging        | |  2.6
Stealth        | |  2.1

Action                   |  1- 3 |  4- 6 || total
-------------------------+-------+-------++-------
Melee: Unarmed           |   127 |    12 ||   139
       Punch             |     4 |       ||     4
  Use: Potion            |       |     2 ||     2
 Stab: Sleeping          |     1 |       ||     1
       Distracted        |     1 |       ||     1
Armor: Robe              |    31 |     1 ||    32
Dodge: Dodged            |   106 |     6 ||   112

Table legend: (Time is in decaauts)
 A = Elapsed time spent in this place.
 B = Non-inter-level travel time spent in this place.
 C = Inter-level travel time spent in this place.
 D = Time resting spent in this place.
 E = Time spent auto-exploring this place.
 F = Levels seen in this place.
 G = Mean time per level.
                   A        B        C        D        E       F      G
               +--------+--------+--------+--------+--------+-----+--------+
         Total |   2100 |   2018 |     82 |    314 |   1354 |   3 |  700.0 |
       Dungeon |   2100 |   2018 |     82 |    314 |   1354 |   3 |  700.0 |
               +--------+--------+--------+--------+--------+-----+--------+

Top non-repeatable levels by time:
     D:2: 1112 daAuts
     D:1: 899 daAuts
     D:3: 88 daAuts
